 Dungeon Crawl Stone Soup version 0.21.1-1-g345015f (webtiles) character file.

133 Monsterracer the Chopper (level 5, -1/49 HPs)
             Began as a Naga Skald on June 19, 2018.
             Slain by a crimson imp
             ... wielding a cursed +0 dagger
              (2 damage)
             ... on level 3 of the Dungeon.
             The game lasted 00:06:04 (3065 turns).

Monsterracer the Chopper (Naga Skald)               Turns: 3065, Time: 00:06:05

Health: -1/49      AC:  2    Str: 11 (14) XL:     5   Next: 16%
Magic:  1/17       EV:  9    Int:  9 (10) God:
Gold:   121        SH:  0    Dex:  7 (10) Spells: 2/8 levels left

rFire    . . .     SeeInvis +   a - +0 hand axe
rCold    . . .     Gourm    .   (no shield)
rNeg     . . .     Faith    .   l - +0 robe
rPois    +         Spirit   .   (no helmet)
rElec    .         Reflect  .   (no cloak)
rCorr    .         Harm     .   (no gloves)
MR       .....                  (no barding)
Stlth    +.........             (no amulet)
HPRegen  0.16/turn              g - -4 ring of intelligence (curse)
MPRegen  0.15/turn              o - ring of magical power

@: infused (expiring), very slightly contaminated, very slow
A: large, see invisible, deformed body, poison resistance, slowness 2, slow
metabolism 1, spit poison 1, AC +1
a: Spit Poison


You were on level 3 of the Dungeon.
You were hungry.

You visited 1 branch of the dungeon, and saw 3 of its levels.

You collected 121 gold pieces.

Inventory:

Hand Weapons
 a - a +0 hand axe (weapon)
 b - a +4 mace
Missiles
 m - a throwing net (quivered)
Armour
 l - a +0 robe (worn)
Jewellery
 g - a cursed -4 ring of intelligence (left hand)
 o - a ring of magical power (right hand)
Scrolls
 d - a scroll of fear {unknown}
 e - a scroll of magic mapping {unknown}
 f - 2 scrolls of remove curse {unknown}
 h - a scroll of noise {unknown}
 i - a scroll of fog {unknown}
 j - 2 scrolls of identify {unknown}
 n - a scroll of random uselessness {unknown}
Comestibles
 c - 3 rations


   Skills:
 + Level 3.3 Fighting
 * Level 4.4 Axes
 - Level 0.7 Armour
 - Level 1.5 Dodging
 - Level 2.0 Spellcasting
 - Level 3.0 Charms


You had 2 spell levels left.
You knew the following spells:

 Your Spells              Type           Power        Failure   Level  Hunger
a - Infusion              Chrm           #...         10%         1    ##.....
b - Shroud of Golubria    Chrm/Tloc      #.........   26%         2    ###....
j - Regeneration          Chrm/Necr      #.........   47%         3    ####...


Dungeon Overview and Level Annotations

Branches:
Dungeon (3/15)

Altars:
Fedhas
Qazlal


Innate Abilities, Weirdness & Mutations

You cannot wear boots.
Your serpentine skin is tough. (AC +1)
You have supernaturally acute eyesight. (SInv)
Armour fits poorly on your strangely shaped body.
Your system is resistant to poisons. (rPois)
You cover ground very slowly.
You have a slow metabolism.
You can spit poison.


Message History

You take 5 damage, and have 8/49 hp.
You hit the crimson imp.
The crimson imp is lightly wounded.
You barely miss the bat.
You have got your breath back.
The bat hits you but does no damage. x2
The crimson imp hits you with an enchanted dagger.
* * * LOW HITPOINT WARNING * * *
The orc barely misses you.
You take 4 damage, and have 4/49 hp.
Unknown command.
Press: ? - help, Shift-Dir - straight line, f/p - orc
Aim: an orc, wielding a trident and wearing a ring mail The splash of poison hits the orc.
The orc is poisoned.
The orc is heavily wounded.
You feel slightly more hungry.
You are no longer magically infusing your attacks.
The bat barely misses you.
The crimson imp hits you but does no damage.
The orc barely misses you.
You closely miss the crimson imp.
You kill the orc!
The crimson imp shouts, "Slither home, thou venomed flap-mouthed slime mould!"
The crimson imp barely misses you. The bat barely misses you.
You completely miss the bat. You barely miss the crimson imp. The bat hits you.
* * * LOW HITPOINT WARNING * * *
The crimson imp hits you but does no damage.
The crimson imp closely misses you.
You closely miss the bat.
You hit the crimson imp but do no damage.
The bat closely misses you.
The crimson imp hits you with an enchanted dagger.
* * * LOW HITPOINT WARNING * * *
You take 2 damage, and have 2/49 hp.
Casting: Shroud of Golubria
Confirm with . or Enter, or press ? or * to list all spells.
Space distorts slightly along a thin shroud covering your body.
You are feeling hungry.
Your shroud bends the bat's attack away.
The crimson imp closely misses you.
You now have 4/17 mp.
Casting: Shroud of Golubria
Confirm with . or Enter, or press ? or * to list all spells.
You begin infusing your attacks with magical energy.
The bat closely misses you. The crimson imp completely misses you.
You now have 3/17 mp.
You miss the crimson imp. You barely miss the bat.
You have got your breath back.
The bat closely misses you. The crimson imp barely misses you.
Your magical contamination has completely faded away.
You hit the crimson imp.
The crimson imp is lightly wounded.
The bat closely misses you. The crimson imp misses you.
You now have 3/17 mp.
You miss the crimson imp.
The crimson imp is lightly wounded.
The bat barely misses you.
The crimson imp hits you but does no damage.
You hit the crimson imp.
The crimson imp is lightly wounded.
Your shroud begins to fray at the edges.
The bat hits you.
* * * LOW HITPOINT WARNING * * *
The crimson imp closely misses you. The bat closely misses you.
You take 1 damage, and have 2/49 hp.
You now have 2/17 mp.
You completely miss the crimson imp. You closely miss the bat.
The bat misses you.
Your shroud bends the crimson imp's attack away.
You barely miss the crimson imp. The bat barely misses you.
The crimson imp hits you but does no damage.
The bat hits you.
* * * LOW HITPOINT WARNING * * *
You take 1 damage, and have 1/49 hp.
You aren't carrying any items that you can evoke.
Okay, then.
Casting: Infusion
Confirm with . or Enter, or press ? or * to list all spells.
You miscast Shroud of Golubria.
You are very lightly contaminated with residual magic.
The world appears momentarily distorted!
Your shroud bends the bat's attack away.
You now have 1/17 mp.
Casting: Shroud of Golubria
Confirm with . or Enter, or press ? or * to list all spells.
You don't have enough magic to cast that spell.
Unknown command.
Unknown command.
You aren't carrying any items that you can evoke.
It was a potion of degeneration.
There was something very wrong with that liquid.
You feel weakened.
You feel dopey.
You feel clumsy. The bat hits you but does no damage.
The crimson imp hits you but does no damage.
You hit the crimson imp but do no damage.
Your shroud unravels.
Your magical infusion is running out.
The bat hits you but does no damage.
The crimson imp hits you with an enchanted dagger.
* * * LOW HITPOINT WARNING * * *
The crimson imp hits you with an enchanted dagger.
You die...

....... ########....'....
....... #....####.
.......### #....# #.
.........# #....# #.
.........# #....####.
.......))###### #....#....
.......b......# #....#....
.........5....###....'....
###...###@....#......#....
#... #.....'......#....
##' #.....#......##### #.
##.########### . #.# ##
#.# #.# ..# ###


You could see a crimson imp and a bat.

Vanquished Creatures
  5 adders
  3 worms
  4 dart slugs
  2 leopard geckos
  11 orcs (D:3)
  5 bats
  A giant cockroach (D:2)
  4 goblins (D:1)
  8 hobgoblins
  3 jackals (D:2)
  3 kobolds
  A ball python (D:2)
  2 frilled lizards
  6 rats
58 creatures vanquished.

Notes
Turn   | Place    | Note
-------+----------+-------------------------------------------
     0 | D:1      | Monsterracer the Naga Skald began the quest for the Orb.
     0 | D:1      | Reached XP level 1. HP: 19/19 MP: 3/3
   197 | D:1      | Reached XP level 2. HP: 22/26 MP: 1/5
   590 | D:1      | Reached skill level 3 in Axes
   607 | D:1      | Reached XP level 3. HP: 33/33 MP: 6/6
   612 | D:1      | Learned a level 3 spell: Regeneration
   615 | D:1      | Learned a level 2 spell: Shroud of Golubria
  1382 | D:2      | HP: 14/33 [leopard gecko (4)]
  1385 | D:2      | HP: 4/33 [adder (3)]
  1386 | D:2      | Reached XP level 4. HP: 5/40 MP: 3/7
  1392 | D:2      | HP: 4/40 [poisoned by an adder]
  1821 | D:2      | Found a stormy altar of Qazlal.
  1824 | D:2      | Found a blossoming altar of Fedhas.
  2235 | D:3      | HP: 20/40 [adder (1)]
  2242 | D:3      | HP: 19/42 [poisoned by an adder]
  2250 | D:3      | HP: 19/42 [poisoned by an adder]
  2497 | D:3      | Reached skill level 4 in Axes
  2506 | D:3      | HP: 21/42 [poisoned by an adder]
  2514 | D:3      | HP: 21/42 [poisoned by an adder]
  2692 | D:3      | HP: 19/42 [orc/tomahawk (4)]
  2698 | D:3      | Reached XP level 5. HP: 19/49 MP: 8/8
  3045 | D:3      | HP: 24/49 [crimson imp/enchanted dagger (3)]
  3048 | D:3      | HP: 8/49 [orc/trident (5)]
  3053 | D:3      | HP: 2/49 [crimson imp/enchanted dagger (2)]
  3059 | D:3      | HP: 2/49 [bat (1)]
  3065 | D:3      | HP: 1/49 [crimson imp/enchanted dagger (1)]
  3065 | D:3      | Slain by a crimson imp

Skill      XL: |  1  2  3  4 |
---------------+-------------+-----
Axes           | 3 4 |  4.4
Fighting       | 3 |  3.3
Armour         | |  0.7
Dodging        | |  1.5
Spellcasting   | |  2.0
Charms         | |  3.0

Action                   |  1- 3 |  4- 6 || total
-------------------------+-------+-------++-------
Melee: Hand axe          |    89 |    62 ||   151
       Mace              |     2 |    10 ||    12
 Cast: Infusion          |     6 |     6 ||    12
       Shroud of Golubri |       |     4 ||     4
 Abil: Spit Poison       |     6 |    12 ||    18
  Use: Potion            |       |     1 ||     1
  Eat: Chunk             |     1 |     5 ||     6
Armor: Leather armour    |    13 |       ||    13
       Robe              |    10 |    33 ||    43
Dodge: Dodged            |    49 |    85 ||   134

Vault maps used:
D:1:      minmay_arrival_arboretum_large, minivault_19, glass_columns_b
D:2:      grunt_temple_overflow_forces_of_nature
